 Dungeon Sprint DCSS version 0.17-a0-2147-gfb20a63 (webtiles) character file.

7 esc the Poker (level 1, -1/17 HPs)
             Began as a Demonspawn Gladiator on Oct 24, 2015.
             Slain by a worker ant (2 damage)
             ... in the Dungeon (Sprint IX: "|||||||||||||||||||||||||||||").
             The game lasted 00:00:35 (85 turns).

esc the Poker (Demonspawn Gladiator)                  Turns: 85, Time: 00:00:35

Health: -1/17      AC:  4    Str: 15    XL:     1   Next: 91%
Magic:  1/1        EV: 13    Int:  9    God:
Gold:   0          SH:  0    Dex: 13    Spells: 0 memorised, 0 levels left

rFire  . . .     SeeInvis .     a - +0 trident
rCold  . . .     Clarity  .     b - +0 leather armour
rNeg   . . .     SustAt   .     (no shield)
rPois  .         Gourm    .     c - +0 helmet
rElec  .         Spirit   .     (no cloak)
rCorr  .         Warding  .     (no gloves)
rMut   .         NoTele   +     (no boots)
MR     .....                    (no amulet)
Stlth  +.........               (no ring)
                                (no ring)

@: not resistant to hostile enchantments, very unstealthy
A: no striking features
a: no special abilities


You were in the Dungeon.
You were not hungry.

You visited 1 branch

Inventory:

Hand Weapons
 a - a +0 trident (weapon)
Missiles
 d - 3 throwing nets {=f, !d}
Armour
 b - a +0 leather armour (worn)
 c - a +0 helmet (worn)
Scrolls
 k - a scroll of blinking {!r}
Potions
 f - a potion of curing
 g - a potion of heal wounds
 h - a potion of haste
 i - 2 potions of magic
 j - a potion of berserk rage {!q}
Comestibles
 e - a bread ration {@e1}
 l - 6 chunks of flesh {@w0}


   Skills:
 + Level 2.8 Fighting
 + Level 3.4 Polearms
 - Level 1.7 Throwing
 + Level 3.3 Dodging


You couldn't memorise any spells.
You didn't know any spells.

Dungeon Overview and Level Annotations

Branches:
Dungeon (1/1)

Altars:


Message History

l - a chunk of flesh {@w0}
There is an open door to the Dungeon here.
You see here a giant newt corpse.
You butcher the giant newt corpse.
l - 2 chunks of flesh {@w0} (gained 1)
There is an open door to the Dungeon here.
There isn't anything here!
Things that are here:
a club; a hobgoblin corpse You butcher the hobgoblin corpse.
l - 6 chunks of flesh {@w0} (gained 4)
You see here a club.
There isn't anything to butcher here.
There isn't anything to butcher here.
You start resting.
Health restored: 17 You open the door.
A giant newt, a ball python, a worker ant, an orc and a zombie come into view.
The orc shouts!
The worker ant twitches its antennae in your direction.
You closely miss the ball python.
The ball python bites you but does no damage.
The ball python grabs you. The ball python constricts you.
The ball python bites you but does no damage.
The ball python constricts you.
You hit the ball python.
You kill the ball python!
You hit the orc. The orc barely misses you.
You hit the orc. The orc closely misses you.
You hit the orc.
You kill the orc!
You barely miss the giant newt. The giant newt closely misses you.
The giant newt bites you but does no damage.
You miss the giant newt. The giant newt barely misses you.
You miss the giant newt. The giant newt bites you.
You take 3 damage, and have 14/17 hp.
Attack whom?
Aim: a worker ant You reach to attack!
You hit the worker ant. The giant newt bites you.
You take 1 damage, and have 13/17 hp.
Attack whom?
Aim: a worker ant (lightly wounded)
You reach to attack!
You barely miss the worker ant. The giant newt closely misses you.
Attack whom?
Aim: a worker ant (lightly wounded)
The giant newt is in the way.
You barely miss the giant newt. The giant newt bites you.
You take 1 damage, and have 12/17 hp.
Attack whom?
Aim: a worker ant (lightly wounded)
You reach to attack!
You hit the worker ant but do no damage.
The giant newt barely misses you.
Attack whom?
Aim: a worker ant (lightly wounded)
The giant newt is in the way.
You miss the giant newt. The giant newt bites you.
The giant newt closely misses you.
You take 1 damage, and have 11/17 hp.
Attack whom?
Aim: a worker ant (lightly wounded)
You reach to attack!
You hit the worker ant.
The giant newt bites you but does no damage.
Attack whom?
Aim: a worker ant (moderately wounded)
The giant newt is in the way.
You barely miss the giant newt. The giant newt misses you.
Attack whom?
Aim: a worker ant (moderately wounded)
You reach to attack!
You barely miss the worker ant.
The giant newt bites you but does no damage.
Attack whom?
Aim: a worker ant (moderately wounded)
The giant newt is in the way.
You hit the giant newt.
You kill the giant newt!
Attack whom?
Aim: a worker ant (moderately wounded)
You hit the worker ant.
The worker ant bites you but does no damage.
The worker ant misses you.
You closely miss the worker ant. The worker ant bites you.
You take 3 damage, and have 9/17 hp.
You closely miss the worker ant. The worker ant bites you.
The worker ant bites you.
* * * LOW HITPOINT WARNING * * *
You take 6 damage, and have 3/17 hp.
MASSIVE DAMAGE!!
You are too injured to fight recklessly!
Drink which item? (? for menu, Esc to quit)
Okay, then.
You hit the worker ant but do no damage.
The worker ant closely misses you.
You hit the worker ant but do no damage.
The worker ant bites you.
* * * LOW HITPOINT WARNING * * *
You take 2 damage, and have 1/17 hp.
Unknown command.
You closely miss the worker ant. The worker ant bites you.
You die... ▓▓▓▓▓▓▓▓▓▓▓▓▓▓▓▓▓▓▓ +....Za@...)'....<▓ ▓▓▓▓▓▓▓▓▓▓▓▓▓▓▓▓▓▓▓

You could see a worker ant and a quokka zombie.

Vanquished Creatures
  An orc (D)
  A hobgoblin (D)
  A ball python (D)
  2 bats (D)
  2 giant newts (D)
  A goblin (D)
8 creatures vanquished.

Notes
Turn   | Place    | Note
--------------------------------------------------------------
     0 | D        | esc the Demonspawn Gladiator began the quest for the Orb.
     0 | D        | Reached XP level 1. HP: 16/16 MP: 1/1
     7 | D        | Reached skill level 3 in Polearms
     7 | D        | Reached skill level 3 in Dodging
    62 | D        | Noticed a worker ant
    82 | D        | HP: 3/17 [worker ant (5)]
    84 | D        | HP: 1/17 [worker ant (2)]
    85 | D        | Slain by a worker ant

Vault maps used:
D:        linesprint

Action                   || total
-------------------------++-------
Melee: Trident           ||    32

Vault maps used:
D:        linesprint

Table legend:
 A = Turns spent in this place as a percentage of turns spent in the entire game.
 B = Non-inter-level travel turns spent in this place as a percentage of non-inter-level travel turns spent in the entire game.
 C = Inter-level travel turns spent in this place as a percentage of turns spent in this place.
 D = Turns resting spent in this place as a percentage of non-inter-level travel turns spent in this place.
 E = Turns spent auto-exploring this place as a percentage of non-inter-level travel turns spent in this place.
 F = Non-inter-level travel turns spent in this place divided by the number of levels of this place that you've seen.
                   A       B       C       D       E      F
               +-------+-------+-------+-------+-------+----------------------
         Total | 100.0 | 100.0 |   0.0 |   3.4 |   0.0 |  58.0
       Dungeon | 100.0 | 100.0 |   0.0 |   3.4 |   0.0 |  58.0
               +-------+-------+-------+-------+-------+----------------------

Table legend:
 A = Kills in this place as a percentage of kills in entire the game.
 B = Kills by you in this place as a percentage of kills by you in the entire game.
 C = Kills by friends in this place as a percentage of kills by friends in the entire game.
 D = Other kills in this place as a percentage of other kills in the entire game.
 E = Experience gained in this place as a percentage of experience gained in the entire game.
 F = Experience gained in this place divided by the number of levels of this place that you have seen.
                   A       B       C       D       E      F
               +-------+-------+-------+-------+-------+----------------------
         Total | 100.0 | 100.0 |  -nan |  -nan | 100.0 |  11.0
       Dungeon | 100.0 | 100.0 |  -nan |  -nan | 100.0 |  11.0
               +-------+-------+-------+-------+-------+----------------------
